 Dungeon Crawl Stone Soup version 0.23-a0-629-gae4348f6cf (webtiles) character file.

532 Maize the Chopper (level 7, 0/62 HPs)
             Began as a Minotaur Chaos Knight on Dec 26, 2018.
             Was a Plaything of Xom.
             Killed by divine providence
             ... invoked by an orc priest
              (13 damage)
             ... on level 4 of the Dungeon.
             The game lasted 00:10:08 (2185 turns).

Maize the Chopper (Minotaur Chaos Knight)           Turns: 2185, Time: 00:10:10

Health: 0/62       AC:  9    Str: 19    XL:     7   Next: 3%
Magic:  6/6        EV:  8    Int:  9    God:    Xom [.*....]
Gold:   201        SH:  0    Dex:  9    Spells: 6/6 levels left

rFire    . . .     SeeInvis .   a - +0 hand axe (chaos)
rCold    . . .     Gourm    .   (no shield)
rNeg     . . .     Faith    .   s - +0 chain mail
rPois    .         Spirit   .   (helmet restricted)
rElec    .         Reflect  .   (no cloak)
rCorr    .         Harm     .   (no gloves)
MR       .....                  (no boots)
Stlth    ..........             (no amulet)
HPRegen  0.20/turn              (no ring)
MPRegen  0.10/turn              (no ring)

@: no status effects
A: retaliatory headbutt, horns 2
a: Renounce Religion


You were on level 4 of the Dungeon.
You worshipped Xom.
You were a plaything of Xom.
You were not hungry.

You visited 1 branch of the dungeon, and saw 4 of its levels.

You collected 201 gold pieces.

Inventory:

Hand Weapons
 a - a +0 hand axe of chaos (weapon)
Missiles
 b - 2 javelins (quivered)
Armour
 d - a +0 cloak
 s - a +0 chain mail (worn)
Wands
 p - a wand of polymorph (9)
Scrolls
 e - 2 scrolls of enchant armour {unknown}
 f - a scroll of magic mapping {unknown}
 g - 2 scrolls of teleportation
 h - a scroll of random uselessness {unknown}
 k - 2 scrolls of blinking {unknown}
 l - a scroll of amnesia {unknown}
 o - a scroll of immolation {unknown}
 u - 2 scrolls of remove curse {unknown}
Potions
 j - a potion of degeneration {unknown}
 m - 2 potions of lignification
 n - a potion of resistance {unknown}
 q - a potion of mutation {unknown}
 r - 3 potions of curing {unknown}
 t - a potion of haste {unknown}
Comestibles
 c - 10 rations
 i - 2 chunks of flesh


   Skills:
 + Level 5.7 Fighting
 * Level 7.3 Axes
 + Level 5.0 Armour
 - Level 1.1 Dodging


You had 6 spell levels left.
You didn't know any spells.
Your spell library was empty.

Dungeon Overview and Level Annotations

Branches:
Dungeon (4/15)
 Temple: D:4-7

Altars:


Innate Abilities, Weirdness & Mutations

You reflexively headbutt those who attack you in melee.
You have a pair of horns on your head.


Message History

The orc throws a tomahawk.
The tomahawk closely misses you.
You see here a tomahawk.
You hear a splash.
The adder skeleton bites you but does no damage.
You slash the adder skeleton!
You destroy the adder skeleton!
Found 10 gold pieces.
The orc wizard shouts!
The orc priest shouts!
The worker ant twitches its antennae in your direction.
The orc wizard casts a spell at you. The magic dart hits you!
Found 18 stones.
You closely miss the orc wizard.
The orc wizard casts a spell.
The orc wizard blinks!
The orc priest invokes the aid of Beogh against you.
Beogh smites you!
You die...
Xom laughs nastily!

...## #####
.#..####...## #........
###..#(..#..# #........
###(((.#.##.# #........
#≈≈(≈≈##.##.## #........
≈≈≈)≈≈≈.###..# #........
≈≈≈≈≈≈#≈≈###.# #........
#≈≈≈#≈≈≈≈≈#..###....a...
≈≈o≈≈≈≈≈≈≈......@§...w..
≈≈≈≈≈≈≈≈≈≈≈.......$.....
≈≈≈≈≈≈≈≈#≈≈≈.####o......
#≈..<≈≈.≈#≈≈...........(
)..<....)≈≈..>.#.#.....o
≈÷...≈..)≈≈≈...........#
≈#≈≈≈≈≈≈≈≈≈≈#.o..#..##.#
≈≈≈≈≈≈≈≈≈≈≈## ...#... ..
≈≈≈≈≈≈≈≈#≈a# .#


You could see a worker ant, an orc priest, an orc wizard and a dart slug.

Vanquished Creatures
  An ogre (D:4)
  A centaur (D:3)
  2 orc wizards (D:4)
  2 iguanas
  A worker ant (D:4)
  6 adders
  A howler monkey skeleton (D:4)
  An ooze (D:4)
  An adder skeleton (D:4)
  2 worms (D:2)
  12 dart slugs
  2 leopard geckos
  10 orcs
  6 giant cockroaches
  6 goblins
  11 hobgoblins
  4 jackals (D:3)
  A ball python (D:2)
  A ball python zombie (D:2)
  10 bats
  7 frilled lizards
  8 kobolds
  5 rats
101 creatures vanquished.

Vanquished Creatures (collateral kills)
  An orc wizard (D:4)
  An orc priest (D:4)
  An orc (D:4)
3 creatures vanquished.

Vanquished Creatures (others)
  A frilled lizard (D:4)
1 creature vanquished.

Grand Total: 105 creatures vanquished

Notes
Turn   | Place    | Note
-------+----------+-------------------------------------------
     0 | D:1      | Maize the Minotaur Chaos Knight began the quest for the
                  | Orb.
     0 | D:1      | Reached XP level 1. HP: 19/19 MP: 0/0
    79 | D:1      | XOM: silly message
    84 | D:1      | Reached skill level 4 in Axes
    87 | D:1      | Reached XP level 2. HP: 23/27 MP: 1/1
   280 | D:1      | Reached XP level 3. HP: 32/33 MP: 2/2
   429 | D:1      | XOM: harmless Ice miscast
   624 | D:2      | XOM: cloud trail
   627 | D:2      | XOM: silly message
   842 | D:2      | Reached skill level 5 in Axes
   842 | D:2      | Reached XP level 4. HP: 40/40 MP: 3/3
   890 | D:2      | XOM: harmless Tmut miscast
  1081 | D:3      | XOM: butterfly on damage
  1238 | D:3      | Reached XP level 5. HP: 37/47 MP: 4/4
  1335 | D:3      | XOM: enchant monster (good)
  1342 | D:3      | XOM: silly message
  1359 | D:3      | XOM: smoke on damage
  1370 | D:3      | Noticed a centaur
  1371 | D:3      | XOM: confuse monster(s)
  1379 | D:3      | Killed a centaur
  1379 | D:3      | Reached skill level 5 in Fighting
  1379 | D:3      | Reached skill level 6 in Axes
  1715 | D:4      | Noticed an ogre
  1721 | D:4      | Killed an ogre
  1721 | D:4      | Reached XP level 6. HP: 35/56 MP: 5/5
  1957 | D:4      | XOM: cast spell 'Summon Butterflies'
  1979 | D:4      | XOM: cast spell 'Leda's Liquefaction'
  1983 | D:4      | XOM: swap monsters
  1988 | D:4      | HP: 1/56 [howler monkey skeleton (4)]
  2114 | D:4      | Reached skill level 7 in Axes
  2163 | D:4      | Reached skill level 5 in Armour
  2163 | D:4      | Reached XP level 7. HP: 11/62 MP: 6/6
  2166 | D:4      | XOM: mild Tmut miscast
  2185 | D:4      | Killed from afar by an orc priest

Vault maps used:
D:1:      wander_arrival_estate, minmay_misc_feat_more_columns, minivault_25
D:4:      kennysheep_slugbush, uniq_duvessa

Skill      XL: |  1  2  3  4  5  6 |
---------------+-------------------+-----
Axes           | 4 5 6 7 |  7.3
Fighting       | 4 5 |  5.7
Armour         | 3 4 5 |  5.0
Dodging        | |  1.1

Action                   |  1- 3 |  4- 6 |  7- 9 || total
-------------------------+-------+-------+-------++-------
Melee: Hand axe          |    74 |   133 |     3 ||   210
       Headbutt          |    11 |    23 |       ||    34
  Use: Scroll            |     3 |     3 |       ||     6
       Potion            |       |     2 |       ||     2
 Stab: Confused          |       |     1 |       ||     1
  Eat: Chunk             |       |     4 |       ||     4
Armor: Leather armour    |    21 |    10 |       ||    31
       Chain mail        |       |    69 |     5 ||    74
       Skin              |       |     1 |       ||     1
Dodge: Dodged            |    44 |    51 |     1 ||    96

Table legend:
 A = Non-vault XP
 B = Vault XP
 C = Vault XP percentage of total XP
 D = Non-vault monster count
 E = Vault monster count
 F = Vault count percentage of total count
                 A         B        C        D         E       F
            +---------+---------+-------+---------+---------+-------
      Total |     724 |      36 |   4.7 |      95 |       9 |   8.7
            +---------+---------+-------+---------+---------+-------
        D:1 |      47 |       0 |   0.0 |      25 |       0 |   0.0
        D:2 |      67 |       0 |   0.0 |      24 |       0 |   0.0
        D:3 |     246 |       0 |   0.0 |      28 |       0 |   0.0
        D:4 |     364 |      36 |   9.0 |      18 |       9 |  33.3
            +---------+---------+-------+---------+---------+-------
